[ PARTIDA AOE2 · #507040602 ]
UnrankedMaya vs Persians
Equipo rival · VICT
[ ANÁLISIS DE REPETICIÓN · EXTRAÍDO DE LA PARTIDA GRABADA ]
Feudal
9:03
Castillos
20:51
Imperial
33:02
| APM promedio | 82.9 |
| APM pico | 155 |
| eAPM promedio | 46.6 |
| Aldeanos / militares | 129 / 183 |
Foco
⚔️ 55.3% · 🌾 44.7%
Archer ×117 · Spearman ×33 · Monk ×14 · Trebuchet (Packed) ×10 · Eagle Scout ×5 · Militia ×3
Feudal
8:51
Castillos
20:32
Imperial
37:23
| APM promedio | 58.3 |
| APM pico | 105 |
| eAPM promedio | 33.6 |
| Aldeanos / militares | 185 / 169 |
Foco
⚔️ 34.7% · 🌾 65.3%
Knight ×137 · Skirmisher ×18 · Battering Ram ×5 · Trebuchet (Packed) ×5 · War Elephant ×2 · Monk ×1
Mapa de la partida
Recursos iniciales + cada clic de construcción. Líneas = muros · curvas = relieve. ◆ oro · ⬟ piedra · ● bayas · ✦ reliquia · ◌ hueco del cierre
Tu base· ✓ Cerrada en 20:51 · 40t muro · sin puerta
Base de wanjiadg· ✓ Cerrada en 20:32 · 40t muro · sin puerta
Terreno inicial suavizado · ◌ = hueco del cierre detectado · pasá el cursor para detalles
Inputs por minuto
— 南园寺 - - wanjiadg
Build order — 南园寺
Primeras 150 de 478 acciones detectadas
| 0:03 | Construir | House |
| 0:07 | Construir | House |
| 0:11 | Investigar | Loom |
| 0:13 | Encolar | Villager (Male) |
| 0:13 | Encolar | Villager (Male) |
| 0:13 | Encolar | Villager (Male) |
| 0:14 | Encolar | Villager (Male) |
| 1:44 | Encolar | Villager (Male) |
| 1:44 | Encolar | Villager (Male) |
| 2:15 | Encolar | Villager (Male) |
| 2:16 | Encolar | Villager (Male) |
| 2:31 | Construir | Lumber Camp |
| 2:56 | Encolar | Villager (Male) |
| 3:20 | Encolar | Villager (Male) |
| 3:21 | Encolar | Villager (Male) |
| 3:40 | Encolar | Villager (Male) |
| 3:40 | Encolar | Villager (Male) |
| 4:02 | Construir | House |
| 4:04 | Construir | House |
| 4:19 | Encolar | Villager (Male) |
| 4:19 | Encolar | Villager (Male) |
| 5:26 | Construir | Barracks |
| 5:31 | Encolar | Villager (Male) |
| 5:57 | Construir | House |
| 6:00 | Encolar | Villager (Male) |
| 6:18 | Construir | Palisade Wall |
| 6:23 | Encolar | Villager (Male) |
| 6:53 | Investigar | Feudal Age |
| 6:53 | Investigar | Feudal Age |
| 7:19 | Encolar | Militia |
| 7:22 | Construir | Mining Camp |
| 7:37 | Encolar | Militia |
| 7:49 | Construir | House |
| 7:51 | Construir | House |
| 8:02 | Encolar | Militia |
| 8:31 | Encolar | Villager (Male) |
| 8:37 | Construir | Palisade Wall |
| 9:03 | Edad | Edad Feudal |
| 9:12 | Construir | Mill |
| 9:20 | Investigar | Man-at-Arms (upgrade) |
| 9:21 | Encolar | Villager (Male) |
| 9:24 | Construir | Archery Range |
| 9:28 | Construir | House |
| 9:29 | Encolar | Spearman |
| 10:00 | Encolar | Villager (Male) |
| 10:07 | Construir | Mill |
| 10:16 | Encolar | Villager (Male) |
| 10:28 | Construir | House |
| 10:41 | Encolar | Archer |
| 10:52 | Construir | Farm |
| 10:53 | Construir | Farm |
| 10:59 | Construir | Palisade Wall |
| 11:01 | Construir | Palisade Wall |
| 11:14 | Construir | Farm |
| 11:18 | Encolar | Villager (Male) |
| 11:18 | Encolar | Villager (Male) |
| 11:26 | Construir | Farm |
| 11:30 | Construir | Palisade Wall |
| 11:32 | Construir | Palisade Wall |
| 11:37 | Construir | Palisade Wall |
| 11:43 | Encolar | Archer |
| 11:51 | Encolar | Villager (Male) |
| 11:52 | Encolar | Villager (Male) |
| 12:03 | Construir | Farm |
| 12:05 | Encolar | Villager (Male) |
| 12:18 | Construir | House |
| 12:27 | Encolar | Archer |
| 12:34 | Encolar | Villager (Male) |
| 12:53 | Investigar | Double-Bit Axe |
| 13:02 | Encolar | Archer |
| 13:06 | Encolar | Villager (Male) |
| 13:06 | Encolar | Villager (Male) |
| 13:30 | Construir | Farm |
| 13:33 | Construir | Farm |
| 13:33 | Encolar | Villager (Male) |
| 13:42 | Encolar | Archer |
| 13:47 | Construir | Farm |
| 13:53 | Encolar | Villager (Male) |
| 14:12 | Construir | Farm |
| 14:13 | Encolar | Villager (Male) |
| 14:13 | Encolar | Archer |
| 14:27 | Construir | Farm |
| 14:42 | Encolar | Villager (Male) |
| 14:46 | Construir | Farm |
| 15:01 | Encolar | Archer |
| 15:08 | Encolar | Villager (Male) |
| 15:14 | Construir | Farm |
| 15:28 | Encolar | Villager (Male) |
| 15:40 | Construir | Farm |
| 15:41 | Construir | Farm |
| 15:50 | Encolar | Eagle Scout |
| 16:03 | Encolar | Villager (Male) |
| 16:18 | Construir | Blacksmith |
| 16:28 | Encolar | Villager (Male) |
| 16:29 | Encolar | Archer |
| 16:43 | Encolar | Eagle Scout |
| 16:48 | Construir | House |
| 16:50 | Construir | House |
| 16:56 | Encolar | Villager (Male) |
| 17:19 | Encolar | Archer |
| 17:30 | Construir | Farm |
| 17:32 | Encolar | Villager (Male) |
| 17:56 | Encolar | Archer |
| 18:11 | Investigar | Castle Age |
| 18:11 | Investigar | Castle Age |
| 18:20 | Investigar | Fletching |
| 18:43 | Construir | House |
| 18:45 | Encolar | Eagle Scout |
| 18:54 | Encolar | Archer |
| 19:02 | Investigar | Padded Archer Armor |
| 19:05 | Investigar | Horse Collar |
| 19:32 | Encolar | Archer |
| 19:33 | Encolar | Eagle Scout |
| 19:59 | Encolar | Archer |
| 20:10 | Construir | Lumber Camp |
| 20:16 | Encolar | Eagle Scout |
| 20:18 | Encolar | Archer |
| 20:28 | Investigar | Wheelbarrow |
| 20:45 | Encolar | Villager (Male) |
| 20:51 | Edad | Edad de los Castillos |
| 20:54 | Investigar | Crossbowman (upgrade) |
| 21:15 | Construir | Town Center |
| 21:21 | Investigar | Bodkin Arrow |
| 21:24 | Construir | Monastery |
| 21:51 | Investigar | Bow Saw |
| 22:12 | Encolar | Monk |
| 22:14 | Encolar | Villager (Male) |
| 22:14 | Encolar | Villager (Male) |
| 22:44 | Encolar | Villager (Male) |
| 23:04 | Construir | Farm |
| 23:10 | Encolar | Monk |
| 23:13 | Encolar | Villager (Male) |
| 23:13 | Encolar | Villager (Male) |
| 23:13 | Encolar | Villager (Male) |
| 23:21 | Construir | Farm |
| 23:24 | Construir | Mining Camp |
| 23:33 | Construir | Farm |
| 23:34 | Construir | Farm |
| 23:36 | Encolar | Villager (Male) |
| 23:36 | Encolar | Villager (Male) |
| 23:58 | Encolar | Monk |
| 24:00 | Construir | Farm |
| 24:11 | Encolar | Monk |
| 24:13 | Encolar | Villager (Male) |
| 24:13 | Encolar | Villager (Male) |
| 24:13 | Encolar | Villager (Male) |
| 24:25 | Construir | Farm |
| 24:32 | Construir | Town Center |
| 24:37 | Construir | House |
| 24:45 | Encolar | Villager (Male) |
Build order — wanjiadg
Primeras 150 de 592 acciones detectadas
| 0:00 | Encolar | Villager (Male) |
| 0:00 | Encolar | Villager (Male) |
| 0:01 | Construir | House |
| 0:04 | Construir | House |
| 0:07 | Construir | House |
| 0:15 | Encolar | Villager (Male) |
| 0:16 | Encolar | Villager (Male) |
| 0:16 | Encolar | Villager (Male) |
| 1:25 | Encolar | Villager (Male) |
| 2:03 | Encolar | Villager (Male) |
| 2:05 | Construir | Lumber Camp |
| 2:17 | Encolar | Villager (Male) |
| 2:43 | Encolar | Villager (Male) |
| 2:43 | Encolar | Villager (Male) |
| 3:03 | Encolar | Villager (Male) |
| 3:23 | Encolar | Villager (Male) |
| 3:23 | Encolar | Villager (Male) |
| 3:26 | Construir | House |
| 3:27 | Construir | House |
| 3:32 | Encolar | Villager (Male) |
| 3:35 | Investigar | Loom |
| 3:46 | Encolar | Villager (Male) |
| 4:05 | Encolar | Villager (Male) |
| 4:06 | Encolar | Villager (Male) |
| 4:30 | Encolar | Villager (Male) |
| 4:31 | Encolar | Villager (Male) |
| 5:07 | Encolar | Villager (Male) |
| 5:07 | Encolar | Villager (Male) |
| 5:27 | Encolar | Villager (Male) |
| 5:38 | Investigar | Loom |
| 5:51 | Construir | Mill |
| 6:29 | Construir | Palisade Wall |
| 6:47 | Investigar | Feudal Age |
| 6:48 | Investigar | Feudal Age |
| 6:53 | Construir | Barracks |
| 7:34 | Construir | Palisade Wall |
| 7:42 | Construir | Palisade Wall |
| 8:03 | Construir | House |
| 8:05 | Construir | Palisade Wall |
| 8:09 | Construir | House |
| 8:14 | Encolar | Villager (Male) |
| 8:14 | Encolar | Villager (Male) |
| 8:38 | Construir | Palisade Wall |
| 8:45 | Construir | Palisade Wall |
| 8:46 | Encolar | Villager (Male) |
| 8:51 | Edad | Edad Feudal |
| 8:52 | Investigar | Double-Bit Axe |
| 8:52 | Investigar | Double-Bit Axe |
| 9:44 | Construir | Archery Range |
| 9:44 | Encolar | Villager (Male) |
| 10:15 | Construir | Lumber Camp |
| 10:17 | Encolar | Villager (Male) |
| 10:27 | Encolar | Villager (Male) |
| 10:31 | Construir | House |
| 10:45 | Encolar | Villager (Male) |
| 10:47 | Construir | Farm |
| 10:48 | Encolar | Skirmisher |
| 10:48 | Encolar | Skirmisher |
| 10:48 | Encolar | Skirmisher |
| 11:19 | Construir | Blacksmith |
| 11:32 | Encolar | Villager (Male) |
| 11:33 | Encolar | Villager (Male) |
| 11:33 | Encolar | Villager (Male) |
| 11:38 | Investigar | Horse Collar |
| 11:39 | Investigar | Horse Collar |
| 11:41 | Construir | Farm |
| 11:45 | Construir | Farm |
| 11:55 | Construir | Farm |
| 12:00 | Construir | Farm |
| 12:03 | Encolar | Skirmisher |
| 12:03 | Encolar | Skirmisher |
| 12:16 | Construir | Farm |
| 12:17 | Encolar | Villager (Male) |
| 12:17 | Encolar | Villager (Male) |
| 12:25 | Construir | Farm |
| 12:30 | Encolar | Skirmisher |
| 12:30 | Encolar | Skirmisher |
| 12:35 | Encolar | Villager (Male) |
| 12:35 | Encolar | Villager (Male) |
| 12:50 | Construir | House |
| 12:54 | Encolar | Skirmisher |
| 12:59 | Construir | Farm |
| 13:01 | Construir | Farm |
| 13:11 | Construir | Farm |
| 13:11 | Encolar | Villager (Male) |
| 13:12 | Encolar | Villager (Male) |
| 13:23 | Construir | Mining Camp |
| 13:24 | Encolar | Villager (Male) |
| 13:36 | Encolar | Villager (Male) |
| 13:47 | Construir | Farm |
| 13:48 | Construir | Farm |
| 14:04 | Encolar | Villager (Male) |
| 14:18 | Construir | Farm |
| 14:20 | Construir | Farm |
| 14:21 | Investigar | Fletching |
| 14:21 | Investigar | Fletching |
| 14:22 | Encolar | Villager (Male) |
| 14:27 | Construir | Farm |
| 14:32 | Construir | Farm |
| 14:40 | Construir | Palisade Wall |
| 14:43 | Encolar | Skirmisher |
| 14:43 | Encolar | Skirmisher |
| 14:46 | Encolar | Villager (Male) |
| 14:49 | Encolar | Skirmisher |
| 15:02 | Encolar | Skirmisher |
| 15:09 | Construir | House |
| 15:12 | Encolar | Villager (Male) |
| 15:15 | Construir | House |
| 15:27 | Encolar | Villager (Male) |
| 15:31 | Encolar | Villager (Male) |
| 15:40 | Construir | Farm |
| 15:41 | Construir | Farm |
| 15:59 | Encolar | Villager (Male) |
| 16:07 | Construir | Farm |
| 16:13 | Construir | House |
| 16:32 | Encolar | Villager (Male) |
| 16:47 | Construir | Farm |
| 16:53 | Encolar | Villager (Male) |
| 17:25 | Construir | Market |
| 17:26 | Encolar | Villager (Male) |
| 17:31 | Encolar | Skirmisher |
| 17:32 | Encolar | Skirmisher |
| 17:32 | Encolar | Skirmisher |
| 17:48 | Construir | Farm |
| 17:50 | Investigar | Wheelbarrow |
| 17:50 | Investigar | Wheelbarrow |
| 18:06 | Investigar | Castle Age |
| 18:25 | Construir | Watch Tower |
| 18:39 | Construir | Mining Camp |
| 18:43 | Investigar | Gold Mining |
| 18:49 | Investigar | Wheelbarrow |
| 18:49 | Investigar | Wheelbarrow |
| 18:58 | Construir | Stable |
| 19:01 | Construir | House |
| 19:20 | Construir | Palisade Wall |
| 19:39 | Investigar | Stone Mining |
| 19:59 | Investigar | Bloodlines |
| 20:00 | Investigar | Scale Barding Armor |
| 20:32 | Edad | Edad de los Castillos |
| 20:42 | Construir | Town Center |
| 20:46 | Encolar | Villager (Male) |
| 20:47 | Encolar | Knight |
| 20:48 | Encolar | Knight |
| 21:04 | Construir | Market |
| 21:11 | Encolar | Villager (Male) |
| 21:20 | Encolar | Knight |
| 21:27 | Encolar | Villager (Male) |
| 21:32 | Construir | Lumber Camp |
| 21:33 | Encolar | Villager (Male) |
| 21:43 | Encolar | Villager (Male) |
Cronología de la partida
| 5:26 | 南园寺 · first_building Barracks |
| 6:18 | 南园寺 · wall_segment Palisade Wall x1 |
| 6:29 | wanjiadg · wall_segment Palisade Wall x7 |
| 6:53 | wanjiadg · first_building Barracks |
| 7:34 | wanjiadg · wall_segment Palisade Wall x8 |
| 7:42 | wanjiadg · wall_segment Palisade Wall x12 |
| 8:05 | wanjiadg · wall_segment Palisade Wall x5 |
| 8:37 | 南园寺 · wall_segment Palisade Wall x2 |
| 8:38 | wanjiadg · wall_segment Palisade Wall x7 |
| 8:45 | wanjiadg · wall_segment Palisade Wall x1 |
| 8:51 | wanjiadg · age_up feudal |
| 9:03 | 南园寺 · age_up feudal |
| 9:24 | 南园寺 · first_building Archery Range |
| 9:44 | wanjiadg · first_building Archery Range |
| 10:59 | 南园寺 · wall_segment Palisade Wall x7 |
| 11:01 | 南园寺 · wall_segment Palisade Wall x9 |
| 11:30 | 南园寺 · wall_segment Palisade Wall x6 |
| 11:32 | 南园寺 · wall_segment Palisade Wall x6 |
| 11:37 | 南园寺 · wall_segment Palisade Wall x9 |
| 14:40 | wanjiadg · wall_segment Palisade Wall x1 |
| 18:58 | wanjiadg · first_building Stable |
| 19:20 | wanjiadg · wall_segment Palisade Wall x1 |
| 20:32 | wanjiadg · age_up castle |
| 20:51 | 南园寺 · age_up castle |
| 21:24 | 南园寺 · first_building Monastery |
| 23:38 | wanjiadg · first_market_buy 100 wood |
| 24:53 | wanjiadg · first_market_sell 100 stone |
| 28:41 | wanjiadg · first_building Castle |
| 29:41 | wanjiadg · first_building Siege Workshop |
| 30:44 | 南园寺 · first_market_sell 100 wood |
| 31:45 | 南园寺 · first_building Castle |
| 32:00 | 南园寺 · first_market_buy 100 stone |
| 33:02 | 南园寺 · age_up imperial |
| 35:06 | wanjiadg · first_building Monastery |
| 37:23 | wanjiadg · age_up imperial |
| 45:49 | 南园寺 · resign |
[ ANÁLISIS IA · 1 CRÉDITO ]
¿Qué pasó realmente en esta partida?
Wolo.gg analiza cada decisión: build order, eco, micro, errores típicos por bracket. Análisis personalizado por WhatsApp o Discord en 30 segundos.
Guía civ
Maya
Perfil
南园寺